General information
- name: 1v1 come on
- type: Custom game
- host: ButcherR
- saver: walkingchaos
map: EchoIsles
- players: 2
- length: 22:04
- speed: Fast
- version: 1.23 W3XP
- replay type: Public
» download(52 KB)
Players
team 1 (loser)
ButcherR (
blue | 84 APM | 1838 actions | 22:00)
5 Death Knight
3 Death Coil
1 Unholy Aura
1 Death Pact
3 Lich
2 Frost Nova
1 Frost Armor
» actions
| Assign group hotkey | 38 | |
| Build / train | 64 | |
| Enter build submenu | 19 | |
| Enter hero's abilities submenu | 8 | |
| Give item / drop item | 3 | |
| Remove unit from queue | 1 | |
| Right click | 748 | |
| Select / deselect | 261 | |
| Select group hotkey | 656 | |
| Use ability | 40 | |
1838 total
» units
| Acolyte | 10 | |
| Ghoul | 13 | |
| Crypt Fiend | 3 | |
| Frost Wyrm | 2 | |
| Gargoyle | 12 | |
40 total
» upgrades
| Web | 1 | |
| Ghoul Frenzy | 1 | |
| Freezing Breath | 1 | |
| Burrow | 1 | |
4 total
» buildings
| Crypt | 2 | |
| Altar of Darkness | 1 | |
| Ziggurat | 8 | |
| Tomb of Relics | 1 | |
| Nerubian Tower | 1 | |
| Halls of the Dead | 1 | |
| Graveyard | 1 | |
| Black Citadel | 1 | |
| Sacrificial Pit | 1 | |
| Boneyard | 2 | |
19 total
» build order
00:07 Crypt
00:11 Altar of Darkness
00:36 Ziggurat
00:56 Ziggurat
01:50 Tomb of Relics
01:58 Nerubian Tower
02:42 Ziggurat
04:14 Halls of the Dead
04:54 Graveyard
05:38 Ziggurat
05:40 Ziggurat
06:48 Black Citadel
06:55 Sacrificial Pit
07:20 Ziggurat
09:10 Boneyard
09:14 Boneyard
09:54 Ziggurat
18:25 Crypt
18:29 Ziggurat
» items
| Rod of Necromancy | 1 | |
| Potion of Healing | 1 | |
| Scroll of Town Portal | 2 | |
4 total
team 2 (winner)
walkingchaos (
red | 23 APM | 512 actions | 22:04)
7 Crypt Lord
3 Carrion Beetles
3 Spiked Carapace
1 Locust Swarm
» actions
| Assign group hotkey | 5 | |
| Basic commands | 34 | |
| Build / train | 100 | |
| ESC pressed | 11 | |
| Enter build submenu | 11 | |
| Enter hero's abilities submenu | 7 | |
| Right click | 103 | |
| Select / deselect | 193 | |
| Select group hotkey | 10 | |
| Use ability | 38 | |
512 total
» units
| Acolyte | 2 | |
| Ghoul | 33 | |
| Gargoyle | 31 | |
66 total
» upgrades
| Unholy Strength | 2 | |
| Unholy Armor | 2 | |
| Ghoul Frenzy | 1 | |
| Creature Attack | 3 | |
| Creature Carapace | 1 | |
| Stone Form | 1 | |
10 total
» buildings
| Crypt | 2 | |
| Altar of Darkness | 1 | |
| Ziggurat | 5 | |
| Graveyard | 1 | |
| Halls of the Dead | 1 | |
| Spirit Tower | 4 | |
| Black Citadel | 1 | |
| Tomb of Relics | 1 | |
16 total
» build order
00:40 Crypt
00:44 Altar of Darkness
03:09 Ziggurat
03:11 Crypt
03:18 Graveyard
03:55 Halls of the Dead
04:28 Ziggurat
05:49 Ziggurat
05:50 Ziggurat
05:55 Spirit Tower
05:59 Spirit Tower
05:59 Spirit Tower
05:59 Spirit Tower
06:42 Black Citadel
11:01 Ziggurat
17:46 Tomb of Relics
» items
| Circlet of Nobility | 1 | |
| Scroll of Healing | 1 | |
| Orb of Corruption | 1 | |
3 total
Chat log
(21:34 / All) ButcherR: wa
(21:57 / All) ButcherR: gg